[Event "HUN-chT Youth 2019"]
[Site "Budapest"]
[Date "2019.10.27"]
[Round "3.31"]
[White "Szalay-Ocsak, Bank"]
[Black "Bohus, Adam"]
[Result "0-1"]
[ECO "C48"]
[WhiteElo "1852"]
[BlackElo "2229"]
[Annotator "NA"]
[PlyCount "64"]
[EventDate "2019.10.26"]
[EventType "team-tourn"]
[EventCountry "HUN"]
[SourceTitle "playchess.com"]
[Source "ChessBase"]
[SourceQuality "1"]
[TimeControl "5400+30"]

1. e4 e5 2. Nf3 Nc6 3. Nc3 Nf6 4. Bb5 Bd6 5. O-O a6 6. Ba4 O-O 7. d3 h6 8. h3 Re8 9. Be3 Bf8 10. a3 b5 11. Bb3 Bb7 12. Qd2 Nb8 13. Rfe1 d5 14. exd5 Nxd5 15. Nxd5 Bxd5 16. Bxd5 Qxd5 17. Re2 c5 18. Rae1 Nc6 19. Bf4 f6 20. Bg3 Rac8 21. Nh4 Nd4 22. Re3 Kh7 23. f4 g5 24. fxg5 hxg5 25. Nf3 Nf5 26. Nxg5+ fxg5 27. Rxe5 Rxe5 28. Rxe5 Qd4+ 29. Kh2 Kg6 30. c3 Qd7 31. Qe2 Nxg3 32. Re6+ Kf7 0-1

[Event "HUN-chT Youth 2019"]
[Site "Budapest"]
[Date "2019.10.27"]
[Round "3.32"]
[White "Pasztor, Balazs"]
[Black "Farkas, Otto Jr."]
[Result "1-0"]
[ECO "B03"]
[WhiteElo "2152"]
[BlackElo "1848"]
[Annotator "NA"]
[PlyCount "81"]
[EventDate "2019.10.26"]
[EventType "team-tourn"]
[EventCountry "HUN"]
[SourceTitle "playchess.com"]
[Source "ChessBase"]
[SourceQuality "1"]
[TimeControl "5400+30"]

1. e4 Nf6 2. e5 Nd5 3. c4 Nb6 4. d4 d6 5. exd6 cxd6 6. Nc3 g6 7. h4 Bg7 8. h5 O-O 9. Be3 Nc6 10. Qd2 e5 11. d5 Nd4 12. Nf3 Nf5 13. O-O-O Nxe3 14. fxe3 Bg4 15. hxg6 fxg6 16. Be2 Rc8 17. b3 Nd7 18. Ne4 Nc5 19. Nxc5 Rxc5 20. e4 Bxf3 21. gxf3 a5 22. Kb2 Qf6 23. a3 Qf4 24. b4 Rcc8 25. Qxf4 exf4+ 26. Kb3 axb4 27. axb4 b6 28. Bf1 Rc7 29. Rh2 Ra8 30. Ra2 Rxa2 31. Kxa2 Ra7+ 32. Kb3 Kf7 33. Bh3 Ke7 34. c5 bxc5 35. bxc5 dxc5 36. d6+ Kd8 37. Kc4 Rb7 38. Rd3 Bf6 39. Ra3 Rb8 40. Ra7 Rb4+ 41. Kd5 1-0

[Event "HUN-chT Youth 2019"]
[Site "Budapest"]
[Date "2019.10.27"]
[Round "3.33"]
[White "Varga, Boldizsar"]
[Black "Dibusz, Domonkos"]
[Result "1/2-1/2"]
[ECO "E46"]
[WhiteElo "1829"]
[BlackElo "2088"]
[Annotator "NA"]
[PlyCount "88"]
[EventDate "2019.10.26"]
[EventType "team-tourn"]
[EventCountry "HUN"]
[SourceTitle "playchess.com"]
[Source "ChessBase"]
[SourceQuality "1"]
[TimeControl "5400+30"]

1. d4 Nf6 2. c4 e6 3. Nc3 Bb4 4. e3 O-O 5. Nge2 d5 6. a3 Be7 7. Nf4 c6 8. Bd3 Nbd7 9. O-O Re8 10. b4 Nf8 11. Bb2 Ng6 12. Nxg6 hxg6 13. Qb3 Bd6 14. c5 Bc7 15. f4 Ng4 16. Rf3 a6 17. a4 Qf6 18. Bc1 Bd7 19. Bd2 Nh6 20. Qb1 Nf5 21. b5 axb5 22. axb5 Nxd4 23. exd4 Qxd4+ 24. Kh1 cxb5 25. Rxa8 Rxa8 26. h3 Qxc5 27. Nxb5 Bxb5 28. Qxb5 Qc6 29. Rf1 Bd6 30. Rb1 Ra3 31. Bf1 d4 32. Bb4 Bxb4 33. Qxb4 Ra4 34. Qxb7 Qxb7 35. Rxb7 d3 36. Bxd3 Rxf4 37. Rb8+ Kh7 38. Rb7 e5 39. Re7 f6 40. Kh2 Rd4 41. Bb1 Rb4 42. Bc2 Rc4 43. Bb3 Rb4 44. Bd5 Rd4 1/2-1/2

[Event "HUN-chT Youth 2019"]
[Site "Budapest"]
[Date "2019.10.27"]
[Round "3.34"]
[White "Kovacs, Gabor Etele"]
[Black "Broderick, Tamas"]
[Result "1/2-1/2"]
[ECO "B30"]
[WhiteElo "2053"]
[BlackElo "1571"]
[Annotator "NA"]
[PlyCount "96"]
[EventDate "2019.10.26"]
[EventType "team-tourn"]
[EventCountry "HUN"]
[SourceTitle "playchess.com"]
[Source "ChessBase"]
[SourceQuality "1"]
[TimeControl "5400+30"]

1. e4 c5 2. Nf3 Nc6 3. Bb5 Qc7 4. Nc3 a6 5. Bxc6 dxc6 6. h3 e5 7. d3 Ne7 8. Be3 Ng6 9. Qd2 Be7 10. a4 a5 11. O-O O-O 12. Ne2 f6 13. Qc3 b6 14. Nd2 Be6 15. f4 exf4 16. Nxf4 Nxf4 17. Bxf4 Bd6 18. Bxd6 Qxd6 19. Nf3 Qg3 20. Kh1 Rad8 21. Rad1 Rd7 22. b3 Rfd8 23. Ng1 Qd6 24. Ne2 Qe5 25. Qxe5 fxe5 26. Ng1 Re7 27. Nf3 Bf7 28. Rf2 b5 29. axb5 cxb5 30. Ra1 Ra8 31. Rff1 c4 32. dxc4 bxc4 33. b4 a4 34. c3 Be8 35. Rfd1 Bc6 36. Nd2 Bb5 37. Kg1 Rd8 38. Nf3 Rxd1+ 39. Rxd1 Bc6 40. Kf2 h6 41. Rd8+ Kf7 42. Ke3 Ke6 43. Nd2 a3 44. Nxc4 a2 45. Rd1 Bb5 46. Nd2 Rd7 47. c4 Bxc4 48. Ra1 Rd3+ 1/2-1/2

[Event "HUN-chT Youth 2019"]
[Site "Budapest"]
[Date "2019.10.27"]
[Round "3.35"]
[White "Koltai, Anna"]
[Black "Giang, Tran Nam"]
[Result "0-1"]
[ECO "D02"]
[WhiteElo "1545"]
[BlackElo "2028"]
[Annotator "NA"]
[PlyCount "104"]
[EventDate "2019.10.26"]
[EventType "team-tourn"]
[EventCountry "HUN"]
[SourceTitle "playchess.com"]
[Source "ChessBase"]
[SourceQuality "1"]
[TimeControl "5400+30"]

1. d4 d5 2. Nf3 Nf6 3. Bf4 c5 4. c3 Qb6 5. b3 Nc6 6. e3 Bf5 7. Bd3 Bxd3 8. Qxd3 e6 9. Nbd2 Be7 10. O-O O-O 11. h3 Rfd8 12. Rfe1 Rac8 13. Ne5 cxd4 14. exd4 Nxe5 15. Bxe5 Qa5 16. Rec1 Rc6 17. Nf3 Rdc8 18. c4 Qa6 19. Nd2 Nd7 20. Bf4 Nb6 21. Qg3 dxc4 22. bxc4 Nxc4 23. Nb3 Nb6 24. Nc5 Bxc5 25. dxc5 Rxc5 26. Rd1 Nd5 27. Bh6 g6 28. Rdc1 Rxc1+ 29. Rxc1 Rxc1+ 30. Bxc1 Qc6 31. Qb8+ Kg7 32. Ba3 Qc3 33. Bf8+ Kf6 34. Qd8+ Kf5 35. Qh4 Qc1+ 36. Kh2 Qf4+ 37. Qxf4+ Kxf4 38. Bd6+ Ke4 39. f3+ Kd3 40. Bc5 b6 41. Bd6 Kc2 42. Kg1 Kb2 43. a3 Nc3 44. Be5 Kb3 45. Kf2 Nb5 46. a4 Kxa4 47. Ke2 Kb3 48. Kd2 a5 49. Kc1 a4 50. Kb1 a3 51. g3 a2+ 52. Ka1 Na3 0-1

[Event "HUN-chT Youth 2019"]
[Site "Budapest"]
[Date "2019.10.28"]
[Round "4.1"]
[White "Palczert, Matyas"]
[Black "Konyves, Almos"]
[Result "1-0"]
[ECO "B90"]
[WhiteElo "2009"]
[BlackElo "2006"]
[Annotator "NA RC"]
[PlyCount "71"]
[EventDate "2019.10.26"]
[EventType "team-tourn"]
[EventCountry "HUN"]
[SourceTitle "playchess.com"]
[Source "ChessBase"]
[SourceQuality "1"]
[TimeControl "5400+30"]

1. e4 c5 2. Nf3 d6 3. d4 cxd4 4. Nxd4 Nf6 5. Nc3 a6 6. Nb3 e6 {[%emt 0:01:03] B90: Sicilian Najdorf: Unusual White 6th moves, 6 Be3 Ng4 and 6 Be3 e5} (6... Nbd7 7. Be3 h5 8. a4 g6 9. a5 Bg7 10. Be2 b5 11. axb6 Nxb6 12. h3 Qc7 13. Qd4 Rb8 14. Bxa6 {½-½ (31) Svidler,P (2729)-Vachier Lagrave,M (2774) Khanty-Mansiysk 2019}) 7. g4 b5 8. g5 Nfd7 9. Bg2 Bb7 10. Be3 Nc6 11. O-O Nce5 12. Nd2 $146 ({Predecessor:} 12. Kh1 h6 13. Qh5 Rc8 14. Nd4 g6 {0-1 (40) Tifferet,S (2243)-Rodshtein,M (2668) Israel 2019}) 12... b4 13. Ncb1 (13. Na4 $11) 13... Nb6 ({Black should try} 13... h6 $17 14. f4 Ng6) 14. f4 Nec4 15. Nxc4 Nxc4 16. Bc1 Qb6+ 17. Kh1 g6 18. Qe2 Rc8 19. f5 gxf5 20. exf5 Bxg2+ 21. Qxg2 Qc6 22. Qxc6+ Rxc6 23. b3 Nb6 24. a3 bxa3 25. Rxa3 Nd5 26. c4 Nc7 (26... Ne7 $5 ) 27. Nd2 d5 28. Ra4 h6 (28... exf5 $14 29. Bb2 (29. Rxf5 dxc4 30. Nxc4 Bg7 $16) 29... Rg8) 29. fxe6 Rxe6 30. Nf3 hxg5 31. Nxg5 Re2 32. Bf4 Ne6 33. Nxe6 Rxe6 34. cxd5 Rb6 35. Bc7 Rb7 $18 36. Re4+ 1-0

[Event "HUN-chT Youth 2019"]
[Site "Budapest"]
[Date "2019.10.28"]
[Round "4.2"]
[White "Leszko, Bence"]
[Black "Tancsa, Tamas"]
[Result "1-0"]
[ECO "C28"]
[WhiteElo "2201"]
[BlackElo "2082"]
[Annotator "NA"]
[PlyCount "129"]
[EventDate "2019.10.26"]
[EventType "team-tourn"]
[EventCountry "HUN"]
[SourceTitle "playchess.com"]
[Source "ChessBase"]
[SourceQuality "1"]
[TimeControl "5400+30"]

1. e4 e5 2. Bc4 Nc6 3. Nc3 Nf6 4. d3 Na5 5. Qf3 d6 (5... Nxc4 6. dxc4 Bb4 7. Nge2 d6 8. h3 Be6 9. b3 Nd7 10. O-O Bxc3 11. Nxc3 O-O 12. Qg3 f5 13. Bg5 {½-½ (33) Caruana,F (2822)-Aronian,L (2767) chess.com INT 2018}) 6. h3 {[%emt 0:00:09] C28: Vienna Game: 2...Nf6 3 Bc4 Nc6} Be7 7. Nge2 Nxc4 8. dxc4 Be6 9. b3 Qd7 10. Be3 $146 ({Predecessor:} 10. O-O Rg8 11. Ng3 g5 12. Nd5 Bxd5 13. cxd5 {0-1 (56) Lagunow,R (2403)-Nothnagel,M (2341) Wuerzburg 2018}) 10... c6 11. O-O O-O 12. Rad1 Qc7 13. Ng3 a6 14. Nf5 Bxf5 15. exf5 b5 16. g4 b4 17. Ne2 h6 18. h4 Nh7 $1 19. Qh1 Rad8 20. f4 d5 21. g5 exf4 22. Bxf4 Qb6+ 23. Kg2 hxg5 24. hxg5 Bxg5 ({Of course not} 24... Nxg5 25. Qh2 $18) 25. Bxg5 Nxg5 26. Qh4 Qe3 27. Ng3 $2 ({Only move:} 27. Nd4 $1 $11 dxc4 28. Rh1) 27... dxc4 28. Rde1 (28. f6 $17 {was forced.} gxf6 29. Nf5 Qe2+ 30. Rf2 Qe4+ 31. Qxe4 Nxe4 32. Rxd8 Rxd8 33. Rf4 cxb3 34. axb3) 28... Rd2+ 29. Kh1 Rd4 30. Qh2 Qc3 $2 (30... Qd2 $19 31. bxc4 Qxh2+ 32. Kxh2 Rxc4) 31. Ne2 Qd2 32. Nxd4 Qxd4 33. Rf4 (33. Qf4 $5 Qf6 34. Re3 $14) 33... Qd5+ (33... Qd6 $11) 34. Qg2 cxb3 35. Qxd5 cxd5 36. Rxb4 (36. axb3 $16 Rc8 37. Re5 (37. Rxb4 Ne4 $16)) 36... bxc2 37. Rb2 Rc8 38. Rc1 Ne4 39. Rbxc2 Rxc2 40. Rxc2 d4 41. Kg2 Nc3 42. Rd2 $18 a5 43. a3 Nb5 44. a4 Nd6 45. Rxd4 Nxf5 46. Rd8+ Kh7 47. Ra8 Ne3+ 48. Kf3 Nc4 49. Ke4 Kh6 50. Kd4 Nd2 51. Kd3 Nb3 52. Kc3 Nc5 53. Rxa5 Nd7 54. Ra8 g5 55. a5 g4 56. a6 Nb6 57. Rb8 Nd5+ 58. Kd2 g3 59. a7 Nc7 60. Rg8 f5 61. Rxg3 f4 62. Rg8 Kh5 63. Ke2 Kh6 64. Kf3 Kh7 65. Rc8 1-0

[Event "HUN-chT Youth 2019"]
[Site "Budapest"]
[Date "2019.10.28"]
[Round "4.2"]
[White "Bodrogi, Bendeguz"]
[Black "Hajdu, Marton Abris"]
[Result "1-0"]
[ECO "A34"]
[WhiteElo "1903"]
[BlackElo "1818"]
[Annotator "NA RC"]
[PlyCount "79"]
[EventDate "2019.10.26"]
[EventType "team-tourn"]
[EventCountry "HUN"]
[SourceTitle "playchess.com"]
[Source "ChessBase"]
[SourceQuality "1"]
[TimeControl "5400+30"]

1. c4 c5 2. Nf3 Nf6 3. Nc3 d5 4. cxd5 Nxd5 5. e4 Nb4 6. Bc4 Nd3+ 7. Ke2 Nf4+ {[%emt 0:00:15] A34: Symmetrical English: 2 Nc3, lines with ...d5} 8. Kf1 Be6 (8... Ne6 9. d4 cxd4 10. Bxe6 Bxe6 11. Nxd4 Nc6 12. Nxe6 Qxd1+ 13. Nxd1 fxe6 14. Bd2 e5 15. f3 {½-½ (58) Aronian,L (2765)-Vachier Lagrave,M (2781) London 2018}) 9. Bb5+ Nc6 10. d4 cxd4 11. Nxd4 Ng6 12. Nxe6 $146 ({But not Predecessor:} 12. Nxc6 Qxd1+ 13. Nxd1 a6 $16 14. Ba4 Bd7 15. Nc3 Bxc6 16. Bxc6+ bxc6 {½-½ (68) Royo Onde,M (1882)-Moreno Gracia,D (2222) Aragon 2008}) 12... Qxd1+ 13. Nxd1 fxe6 14. Ne3 ({White should play} 14. Bxc6+ $16 bxc6 15. Be3) 14... O-O-O {[%emt 0:01:11] [#]} 15. b3 (15. Bxc6 $1 $18 bxc6 16. b3) 15... Nd4 16. Bc4 Ne5 17. Bb2 Nec6 18. Rc1 Kb8 19. f4 (19. Rd1 $16) 19... g5 20. f5 (20. fxg5 $14 {stays ahead.} Bg7 21. g3) 20... e5 21. Kf2 (21. Bd5 $16) 21... Bg7 22. Rhd1 Rhf8 23. Bd5 e6 (23... Nb4 $14) 24. Bxc6 $1 bxc6 25. g4 exf5 26. gxf5 Kb7 27. Nc4 Rf7 28. Na5+ Kb6 29. Nxc6 Nxc6 30. Rxc6+ Kxc6 31. Rxd8 Rc7 32. Rd5 Kb6 33. Bxe5 Rc2+ 34. Kg3 Bxe5+ 35. Rxe5 Rxa2 36. f6 Rb2 37. f7 Rxb3+ 38. Kg4 h5+ 39. Kxg5 Rf3 40. Rf5 1-0

[Event "HUN-chT Youth 2019"]
[Site "Budapest"]
[Date "2019.10.28"]
[Round "4.3"]
[White "Nagy, Botond"]
[Black "Onodi, Miklos"]
[Result "0-1"]
[ECO "D10"]
[WhiteElo "1281"]
[BlackElo "1548"]
[Annotator "NA RC"]
[PlyCount "116"]
[EventDate "2019.10.26"]
[EventType "team-tourn"]
[EventCountry "HUN"]
[SourceTitle "playchess.com"]
[Source "ChessBase"]
[SourceQuality "1"]
[TimeControl "5400+30"]

1. d4 d5 2. c4 c6 3. Bf4 dxc4 4. a4 b5 5. e3 Bf5 6. Na3 e5 7. Bxe5 Bb4+ 8. Ke2 Bd3+ 9. Kf3 Qd5+ 10. Kg3 Bxf1 11. Qxf1 f6 12. Bxb8 Rxb8 13. Qe2 Bd6+ 14. f4 g5 15. Nh3 Qe4 16. Qf3 gxf4+ 17. Nxf4 Bxf4+ 18. Qxf4 Qg6+ 19. Kf3 Rb7 20. Qe4+ Ne7 21. Qxg6+ hxg6 22. axb5 cxb5 23. Nc2 Nd5 24. e4 Nb6 25. Na3 Na4 26. Nxb5 Rxb5 27. Rxa4 Rb3+ 28. Kf4 Rh4+ 29. g4 g5+ 30. Kf5 Rf3+ 31. Ke6 Rxg4 32. Rxc4 Rxe4+ 33. Kd5 Rff4 34. Ra1 Re7 35. Rc8+ Kf7 36. Rh8 Kg7 37. Rh3 Rd7+ 38. Kc5 Rfxd4 39. Rxa7 Rxa7 40. Kxd4 g4 41. Rg3 Kh6 42. b4 f5 43. Ke5 Kg5 44. Rg1 Ra2 45. Rf1 Re2+ 46. Kd4 Rxh2 47. Ke5 Kg6 48. Kf4 Rb2 49. Kg3 Rb3+ 50. Kg2 Rxb4 51. Kg3 Kg5 52. Rf2 f4+ 53. Kg2 g3 54. Ra2 Kg4 55. Kf1 f3 56. Ra1 Rb2 57. Rc1 Kh3 58. Kg1 f2+ 0-1

[Event "HUN-chT Youth 2019"]
[Site "Budapest"]
[Date "2019.10.28"]
[Round "4.4"]
[White "Daroczi, Donat"]
[Black "Toth, Nikoletta"]
[Result "1-0"]
[ECO "C46"]
[WhiteElo "1976"]
[BlackElo "1965"]
[Annotator "NA RC"]
[PlyCount "47"]
[EventDate "2019.10.26"]
[EventType "team-tourn"]
[EventCountry "HUN"]
[SourceTitle "playchess.com"]
[Source "ChessBase"]
[SourceQuality "1"]
[TimeControl "5400+30"]

1. e4 e5 2. Nf3 Nc6 3. Nc3 Bb4 4. d4 exd4 5. Nxd4 Bxc3+ (5... Nge7 6. Nxc6 Nxc6 7. Qd3 O-O 8. Bd2 d6 9. O-O-O f5 10. f4 Kh8 11. g3 fxe4 12. Qxe4 Bf5 {1-0 (39) Korley,K (2453)-Wang,K (2442) Charlotte 2018}) 6. bxc3 {[%emt 0:00:02] C46: 3 Nc3: Unusual Black 3rd moves} d6 7. Bd3 h6 $146 ({Predecessor:} 7... Nge7 8. O-O O-O 9. Rb1 b6 10. f4 Nxd4 11. cxd4 f5 12. d5 fxe4 13. Bxe4 {½-½ (37) Zhurikhin,A (2315)-Lukovnikov,A (2278) Tambov 2013}) 8. O-O Nf6 9. h3 O-O 10. f4 Nh7 11. Qf3 f5 (11... Re8 $16) 12. exf5 Nxd4 13. cxd4 d5 14. Ba3 Re8 (14... Rf7 {is a better defense.} 15. f6 Nxf6) 15. Rae1 Nf6 16. Re5 c6 17. Rfe1 Rxe5 18. fxe5 Qa5 19. Re2 Qxa3 20. exf6 Qc1+ 21. Kh2 gxf6 22. Qg3+ (22. Qh5 $142 Bd7 23. Qg6+ {[%mdl 64] Double Attack} Kh8 24. Qxf6+ Kg8 25. Re7 Qf4+ 26. Kg1 Qc1+ 27. Bf1) 22... Qg5 23. Re8+ $18 Kf7 24. Qe1 1-0

[Event "HUN-chT Youth 2019"]
[Site "Budapest"]
[Date "2019.10.28"]
[Round "4.4"]
[White "Kerekes, Laszlo Fulop"]
[Black "Nagy, Levente"]
[Result "0-1"]
[ECO "B30"]
[WhiteElo "1369"]
[BlackElo "2092"]
[Annotator "NA RC"]
[PlyCount "64"]
[EventDate "2019.10.26"]
[EventType "team-tourn"]
[EventCountry "HUN"]
[SourceTitle "playchess.com"]
[Source "ChessBase"]
[SourceQuality "1"]
[TimeControl "5400+30"]

1. e4 c5 2. Nf3 Nc6 3. b4 cxb4 4. d4 d5 5. e5 (5. exd5 Qxd5 6. c4 bxc3 7. Nxc3 Qa5 8. d5 Qxc3+ 9. Bd2 Qa3 10. dxc6 bxc6 11. Qc2 Bd7 12. Ne5 Nf6 13. Nxd7 Nxd7 14. Qxc6 Rd8 15. Bb5 e6 16. O-O Be7 17. Qb7 a6 18. Bc6 O-O 19. Bxd7 Qd6 20. Ba4 Rb8 21. Qa7 Bf6 22. Rad1 {1-0 (22) Bellahcene,B (2550)-Arab,A (2485) Casablanca 2019}) 5... Bg4 6. Bb2 {[%emt 0:02:31] B30: Sicilian: 2...Nc6 3 Bb5, lines without ...g6} e6 7. h3 $146 ({Predecessor:} 7. a3 f6 8. Bb5 a6 9. Bxc6+ bxc6 10. axb4 Bxb4+ 11. c3 Be7 {0-1 (26) Sanchez,E (1760)-Del Rosario Moreno,C (2046) Santo Domingo 2015}) 7... Bxf3 8. Qxf3 Nge7 9. a3 Nf5 10. Bb5 Qb6 11. Bxc6+ Qxc6 12. Qd3 Rc8 13. O-O (13. c3 $142 bxc3 14. Nxc3) 13... bxa3 14. Nxa3 Bxa3 (14... Be7 $17) 15. Bxa3 Qxc2 16. Qb5+ Qc6 17. g4 Qxb5 18. gxf5 Qd3 19. Bd6 Qxf5 20. f4 Qxh3 (20... Qg6+ $142 21. Kh1 Rc2 22. Rf2 Rxf2 23. Rg1 {[#]} Qe4+ $1 {[%mdl 576] Double Attack} 24. Rg2 Qxg2#) 21. Rac1 Rxc1 22. Rxc1 Qe3+ 23. Kg2 Qxc1 24. Kf3 Kd7 25. Kg3 Rc8 26. Bc5 Rxc5 27. dxc5 f6 28. Kg4 {[%emt 0:00:56] [#]} h5+ $1 29. Kxh5 Qxf4 30. Kg6 fxe5 31. c6+ Ke7 32. cxb7 Qh6# 0-1

[Event "HUN-chT Youth 2019"]
[Site "Budapest"]
[Date "2019.10.28"]
[Round "4.5"]
[White "Bernath, Bence"]
[Black "Kiss, Rebeka"]
[Result "1-0"]
[ECO "C97"]
[WhiteElo "2004"]
[BlackElo "1743"]
[Annotator "NA"]
[PlyCount "187"]
[EventDate "2019.10.26"]
[EventType "team-tourn"]
[EventCountry "HUN"]
[SourceTitle "playchess.com"]
[Source "ChessBase"]
[SourceQuality "1"]
[TimeControl "5400+30"]

1. e4 e5 2. Nf3 Nc6 3. Bb5 a6 4. Ba4 Nf6 5. O-O Be7 6. Re1 b5 7. Bb3 d6 8. c3 O-O 9. h3 Na5 10. Bc2 c5 11. d4 Qc7 12. Nbd2 Re8 13. Nf1 Bf8 14. Ng3 {[%emt 0:03:47] C97: Closed Ruy Lopez: Chigorin Defence: 11 d4 Qc7, sidelines} g6 15. d5 c4 16. Nh2 (16. Bg5 Bg7 17. Qd2 Nb7 18. Nh4 Nc5 19. Bh6 Bxh6 20. Qxh6 Qe7 21. f4 exf4 22. Qxf4 {1-0 (75) Robson,R (2675)-Stukopin,A (2586) chess.com INT 2017}) 16... Bg7 17. Kh1 $146 (17. b4 $16 cxb3 18. axb3) ({Predecessor:} 17. Bg5 h6 18. Be3 Kh7 19. Qd2 Nd7 20. Re2 Nb6 21. Rf1 Nb7 22. f4 exf4 23. Bxf4 Be5 24. Ref2 Re7 25. Nh5 g5 26. Bxg5 {1-0 (26) Gaffagan,S (1996)-Canessa,J (1958) Burlingame 2019}) 17... Nb7 18. f4 exf4 19. Bxf4 Nd7 20. Nf3 Nbc5 21. Qd2 a5 22. Bh6 Bh8 23. Qf4 Ne5 24. Rf1 Qe7 25. Nd4 Ncd3 26. Bxd3 Nxd3 27. Nc6 Nxf4 28. Nxe7+ Rxe7 29. Bxf4 Ra6 30. a3 Rb6 31. Be3 Rb8 32. Bg5 Re8 33. Bf6 Bg7 34. Rf2 Ba6 35. Raf1 Rb7 36. Kg1 h5 37. Bxg7 Kxg7 38. h4 Rc7 39. Rf6 Rd8 40. e5 Bb7 41. e6 ({And not} 41. exd6 Rcd7 $17) 41... Bxd5 (41... Rf8 $1 $14) 42. Rxf7+ Rxf7 43. Rxf7+ Kg8 44. Rd7 Re8 45. e7 Kf7 46. Rxd6 Be6 47. Rb6 Bd7 48. Ne4 Rxe7 $16 {[%emt 0:00:40] [#]} 49. Nd6+ $1 Kg7 50. Nxb5 Bxb5 51. Rxb5 Re2 52. Rxa5 Rxb2 53. Rc5 Rb3 54. Rxc4 Rxa3 55. Rc6 Ra2 56. c4 Rc2 57. c5 Rc4 58. g3 Rc2 59. Rc7+ Kf6 60. Rc8 Kf7 61. c6 Kg7 62. c7 Kh7 63. Kf1 Kg7 64. Ke1 Kh7 65. Kd1 Rc5 66. Kd2 Kg7 67. Kd3 g5 68. hxg5 Rc1 69. Ke4 Re1+ 70. Kf3 Rc1 71. g6 Rc4 72. Ke3 Rc2 73. Kd4 Rc6 74. Kd5 Rc1 75. Ke6 Re1+ 76. Kf5 Rf1+ 77. Kg5 Rc1 78. Kxh5 Rh1+ 79. Kg5 Rc1 80. g4 Rc4 81. Kh5 Rc5+ 82. g5 Rc4 83. Ra8 Rxc7 84. Ra4 Re7 85. Rf4 Rd7 86. Rf7+ Rxf7 87. gxf7 Kxf7 88. Kh6 Kg8 89. Kg6 Kh8 90. Kf7 Kh7 91. g6+ Kh6 92. g7 Kh5 93. g8=Q Kh6 94. Qg6# 1-0

[Event "HUN-chT Youth 2019"]
[Site "Budapest"]
[Date "2019.10.28"]
[Round "4.5"]
[White "Toth, Timea"]
[Black "Molnar, Dalma Reka"]
[Result "1-0"]
[ECO "A36"]
[WhiteElo "1964"]
[BlackElo "1088"]
[Annotator "NA RC"]
[PlyCount "105"]
[EventDate "2019.10.26"]
[EventType "team-tourn"]
[EventCountry "HUN"]
[SourceTitle "playchess.com"]
[Source "ChessBase"]
[SourceQuality "1"]
[TimeControl "5400+30"]

1. c4 c5 2. Nc3 Nc6 3. g3 g6 4. Bg2 Bg7 5. e4 e6 6. Nge2 Nge7 7. O-O O-O 8. d3 d6 9. f4 f5 {[%emt 0:00:28] A36: Symmetrical English vs ...g6: 4 Bg2 Bg7} (9... Rb8 10. Rb1 b6 11. b3 Nd4 12. Bb2 Bb7 13. Qd2 f5 14. Rbe1 Qd7 15. Kh1 Nec6 16. Nxd4 Nxd4 17. Ne2 {½-½ (40) Cruz Estrada,F (2320)-Stella,A (2487) Sabadell 2019}) 10. Be3 Qd7 $146 ({Predecessor:} 10... Nd4 11. Rb1 Nec6 12. a3 b6 13. b4 Bb7 14. Bf2 Qd7 15. Nxd4 cxd4 16. Ne2 e5 17. Qb3 {0-1 (28) Paraschiv,P (1810)-Balla,T (2336) Arad 2019}) 11. Qd2 Rb8 12. d4 b6 13. d5 Nd8 14. Rad1 Qc7 (14... fxe4 $11 15. Bxe4 Bb7) 15. b3 ({White should try} 15. Nb5 $16 Qd7 16. dxe6 Qxe6 17. exf5 (17. Qxd6 Qxd6 18. Nxd6 fxe4 $16) (17. Nxd6 fxe4 18. Bxe4 Nb7 $14) 17... gxf5 18. Nec3 (18. Nxa7 Bb7 $14) (18. Nxd6 Nf7 $16)) 15... fxe4 16. Bxe4 ({White should play} 16. Nb5 $16 Qd7 17. dxe6 (17. Bxe4 exd5 18. Bxd5+ Nxd5 $17) 17... Qxe6 18. Nec3 (18. Nxd6 Nf5 $11) (18. Nxa7 Ba6 $15) (18. Qxd6 Qxd6 19. Nxd6 Nf5 $11)) 16... exd5 17. Nxd5 Nxd5 18. Qxd5+ ({Of course not} 18. cxd5 Re8 $15) 18... Nf7 19. f5 $2 (19. Qd2 $11) 19... Bb7 20. Qd3 Ne5 21. Bd5+ Kh8 22. Qe4 Bxd5 23. Qxd5 gxf5 24. Qxd6 Qxd6 25. Rxd6 Rbd8 26. Rfd1 Bf6 (26... Rde8 $11 27. Nf4 Nxc4 28. bxc4 Rxe3) 27. Bf4 Nf3+ 28. Kg2 Nd4 29. Nxd4 Bxd4 30. Rxd8 Rxd8 31. Be5+ Kg8 32. Bxd4 cxd4 33. Kf3 Kf7 34. g4 Kg6 35. h4 h6 36. Kf4 fxg4 37. Kxg4 Rd6 38. h5+ Kf6 39. Kf4 Rd7 40. Rd2 Rd8 41. Rd3 Rd7 42. Ke4 Kg5 43. Rxd4 Rxd4+ 44. Kxd4 Kxh5 45. b4 Kg4 46. c5 bxc5+ 47. bxc5 Kf5 48. Kd5 Kf6 49. Kd6 h5 50. c6 h4 51. c7 h3 52. c8=Q h2 53. Qc1 {[%emt 0:00:00] Kg5 Qh1 Kf4 Qxh2+ Ke3 Ke5 Kd3 Qf4 Kc3 Qd4+ Kc2 Qe3 Kb2 Qd3 Kxa2 Qc3 Kb1 Qd2 Ka1 Kd4 Kb1 Kc3 Ka1 Qb2#} 1-0

[Event "HUN-chT Youth 2019"]
[Site "Budapest"]
[Date "2019.10.28"]
[Round "4.6"]
[White "Fulop, Csilla"]
[Black "Buri, Kata"]
[Result "1-0"]
[ECO "C50"]
[WhiteElo "1462"]
[BlackElo "1646"]
[Annotator "NA RC"]
[PlyCount "51"]
[EventDate "2019.10.26"]
[EventType "team-tourn"]
[EventCountry "HUN"]
[SourceTitle "playchess.com"]
[Source "ChessBase"]
[SourceQuality "1"]
[TimeControl "5400+30"]

1. e4 e5 2. Nf3 Nc6 3. Bc4 Bc5 4. d3 Nf6 5. Nc3 d6 6. h3 a6 7. Bg5 h6 8. Bh4 g5 9. Bg3 Bd7 10. Qd2 Bb4 11. a3 Ba5 12. b4 Bb6 13. Ne2 Qe7 14. c3 Be6 15. Ba2 Bxa2 16. Qxa2 Rd8 17. Rd1 d5 18. exd5 Nxd5 19. O-O Kf8 20. Rfe1 Qf6 21. Qb2 Nf4 22. d4 Nxe2+ 23. Rxe2 exd4 24. Nxd4 Nxd4 25. cxd4 Rxd4 26. Rde1 1-0

[Event "HUN-chT Youth 2019"]
[Site "Budapest"]
[Date "2019.10.28"]
[Round "4.7"]
[White "Kokeny, Norbert Adrian"]
[Black "Bohus, Adam"]
[Result "1/2-1/2"]
[ECO "D00"]
[WhiteElo "2292"]
[BlackElo "2229"]
[Annotator "NA"]
[PlyCount "113"]
[EventDate "2019.10.26"]
[EventType "team-tourn"]
[EventCountry "HUN"]
[SourceTitle "playchess.com"]
[Source "ChessBase"]
[SourceQuality "1"]
[TimeControl "5400+30"]

1. d4 d5 2. Bf4 Nf6 3. e3 c5 4. c3 Nc6 5. Nd2 e6 6. Ngf3 cxd4 7. exd4 {[%emt 0:00:13] D02: 1 d4 d5 2 Nf3 sidelines, including 2...Nf6 3 g3 and 2...Nf6 3 Bf4} Nh5 8. Be3 (8. Bg5 f6 9. Be3 Bd6 10. g3 O-O 11. Nh4 g6 12. Be2 Ng7 13. O-O e5 14. dxe5 fxe5 {½-½ (59) Aronian,L (2767)-Nakamura,H (2777) chess.com INT 2018}) 8... Bd6 9. Ne5 g6 10. Nd3 Ng7 11. Nf3 O-O 12. Be2 f6 13. Qb3 $146 ({Predecessor:} 13. O-O e5 14. dxe5 fxe5 {1-0 (43) Christiansen,J (2559)-Fus,J (2326) Lisbon 2019}) 13... Na5 14. Qc2 Nc4 15. Bc1 e5 16. b3 Bf5 17. Nh4 Bxd3 18. Bxd3 (18. Qxd3 $11 e4 19. Qh3) 18... Nb6 19. Bh6 (19. dxe5 $15 fxe5 20. g3) 19... e4 20. Be2 f5 21. g3 f4 22. Bg4 Qc7 (22... f3 $17 23. Qd2 Be7) 23. O-O-O (23. O-O $15) 23... a5 24. a4 Nd7 25. Kb2 (25. Ng2 $1 $15) 25... b5 26. axb5 Nb6 (26... Rfb8 $17 27. Be2 f3) 27. Ng2 $1 a4 28. b4 a3+ ({Black should try} 28... Nc4+ $15 29. Ka1 f3) 29. Ka2 $2 (29. Ka1 $1 $11) 29... Na4 (29... fxg3 $17 30. fxg3 Na4) 30. Rc1 (30. Nxf4 $15 Nxc3+ 31. Ka1) 30... fxg3 31. fxg3 {[%emt 0:00:34] [#]} Qc4+ $1 32. Ka1 {[%emt 0:00:57] [#]} Bxb4 $19 33. Ne3 $2 ({Not} 33. cxb4 $2 Qxd4+ 34. Ka2 {[#]} Rf2 $1 $19 ) (33. Bd2 $17 Ba5 34. Bd1) 33... Bxc3+ 34. Qxc3 Qxc3+ 35. Rxc3 Nxc3 36. Rc1 Nxb5 37. Nxd5 Ra7 38. Rc4 Rd8 39. Nf6+ Kf7 40. Nxh7 Nxd4 41. Ng5+ Kg8 42. Nxe4 Ngf5 43. Bg5 Rb8 44. Nf6+ Kf7 45. Bxf5 Nxf5 46. Nd5 Rb2 47. g4 Nd6 48. Rf4+ Ke6 49. Nc3 Rxh2 50. Rf6+ Ke5 51. Rxd6 Rc7 52. Rxg6 Rf7 53. Rb6 Rf1+ 54. Rb1 Rxb1+ 55. Nxb1 Rg2 56. Nxa3 Rxg4 57. Bc1 1/2-1/2